 Dungeon Crawl Stone Soup version 0.25-a0-734-g73332aeda9 (webtiles) character file.

Game seed: 11549567084977907667, levelgen mode: deterministic

41 Error4North the Ducker (level 3, 0/27 HPs)
             Began as a Demonspawn Gladiator on Apr 11, 2020.
             Slain by Crazy Yiuf
             ... wielding a +4 quarterstaff of chaos
              (3 damage)
             ... on level 2 of the Dungeon.
             The game lasted 00:05:17 (1212 turns).

Error4North the Ducker (Demonspawn Gladiator)       Turns: 1212, Time: 00:05:18

Health: 0/27       AC:  6    Str: 15    XL:     3   Next: 32%
Magic:  3/3        EV: 12    Int:  9    God:
Gold:   59         SH:  0    Dex: 14    Spells: 2/2 levels left

rFire    . . .     SeeInvis .   a - +0 long sword
rCold    + . .     Gourm    .   (no shield)
rNeg     . . .     Faith    .   n - +0 ring mail
rPois    .         Spirit   .   (helmet restricted)
rElec    .         Reflect  .   (no cloak)
rCorr    .         Harm     .   k - +0 pair of gloves
MR       .....                  (no boots)
Stlth    +.........             (no amulet)
HPRegen  0.09/turn              (no ring)
MPRegen  0.08/turn              (no ring)

@: no status effects
A: horns 1, cold resistance 1
a: no special abilities


You were on level 2 of the Dungeon.
You were not hungry.

You visited 1 branch of the dungeon, and saw 2 of its levels.

You collected 59 gold pieces.

Inventory:

Hand Weapons
 a - a +0 long sword (weapon)
Missiles
 d - 2 throwing nets (quivered)
 g - 110 stones
Armour
 c - a +0 helmet
 k - a +0 pair of gloves (worn)
 n - a +0 ring mail (worn)
Jewellery
 m - an uncursed amulet of the gourmand {unknown}
Scrolls
 i - a scroll of teleportation {unknown}
 j - a scroll of identify {unknown}
 l - a scroll of fear {unknown}
Potions
 b - a potion of mutation {unknown}
 e - 4 potions of curing {unknown}
 h - a potion of cancellation {unknown}
Comestibles
 f - 5 rations


   Skills:
 * Level 2.2 Fighting
 + Level 3.0 Long Blades
 + Level 1.8 Throwing
 + Level 0.2 Armour
 * Level 3.1 Dodging
 * Level 1.5 Stealth
 * Level 0.2 Unarmed Combat


You had 2 spell levels left.
You didn't know any spells.
Your spell library was empty.

Dungeon Overview and Level Annotations

Branches:
Dungeon (2/15)

Altars:
Zin

Annotations:
D:2 Crazy Yiuf


Innate Abilities, Weirdness & Mutations

You have a pair of small horns on your head.
Your flesh is cold resistant. (rC+)


Message History

You throw a throwing net. The throwing net hits the kobold.
The kobold is caught in the net!
The kobold struggles against the net.
The kobold struggles against the net.
You hit the kobold.
You kill the kobold!
You see here a +0 whip.
A kobold comes into view. It is wielding a +0 dagger.
The kobold hits you but does no damage.
You slash the kobold!
You kill the kobold!
You see here a +0 dagger.
Found a mace.
Found a runed translucent door.
Crazy Yiuf shouts!
You open the door.
Crazy Yiuf zaps a wand.
The puff of flame hits you!
Crazy Yiuf whimpers, "Iron light water!"
There is an open translucent door here.
You barely miss Crazy Yiuf.
Crazy Yiuf zaps a wand.
The puff of flame hits you!
* * * LOW HITPOINT WARNING * * *
Crazy Yiuf hits you with a +4 quarterstaff of chaos.
You die...

### ##...##..<....#
#.# ##.####.####.#
#.## # #.# #.# #.#
#).# # #.# ### ###
##.# # #.# #.#
#######.# #.##
##......# ####
♣♣##..# ##......#
#)..#♣♣ ♣♣.#...#
##......#
#..g@.♣♣♣♣......#
##.....##
#...#♣..♣.P....##
##.....# ####
♣♣♣.♣..#.##
####.### ♣♣♣♣♣###
###...#####
......>...#########
###...#...........#
####.##.#########.#
.....##.#
#.############


You could see Crazy Yiuf.

Vanquished Creatures
  An adder (D:2)
  4 leopard geckos
  3 giant cockroaches
  2 goblins (D:2)
  A hobgoblin (D:2)
  3 jackals (D:2)
  6 kobolds (D:2)
  2 bats
  3 frilled lizards (D:2)
  2 rats (D:1)
27 creatures vanquished.

Notes
Turn   | Place    | Note
-------+----------+-------------------------------------------
     0 | D:1      | Error4North the Demonspawn Gladiator began the quest for
                  | the Orb.
     0 | D:1      | Reached XP level 1. HP: 16/16 MP: 1/1
   528 | D:2      | Gained mutation: You have a pair of small horns on your
                  | head. [demonic ancestry]
   528 | D:2      | Reached XP level 2. HP: 22/22 MP: 2/2
   635 | D:2      | Reached skill level 1 in Stealth
   850 | D:2      | Found a glowing silver altar of Zin.
   940 | D:2      | Gained mutation: Your flesh is cold resistant. (rC+)
                  | [demonic ancestry]
   940 | D:2      | Reached XP level 3. HP: 19/27 MP: 3/3
  1206 | D:2      | Found a runed translucent door.
  1207 | D:2      | Noticed Crazy Yiuf
  1212 | D:2      | Slain by Crazy Yiuf

Levels and vault maps discovered:
D:1:      nicolae_arrival_memento_mori, layout_basic
D:2:      layout_loops_ring, zin_scriptorium, uniq_crazy_yiuf_cottage

Skill      XL: |  1  2  3 |
---------------+----------+-----
Stealth        | 1 |  1.5
Dodging        | 3 |  3.1
Long Blades    | 3 |  3.0
Fighting       | |  2.2
Throwing       | |  1.8
Armour         | |  0.2
Unarmed Combat | |  0.2

Action                   || total
-------------------------++-------
Melee: Long sword        ||    61
       Headbutt          ||     7
Throw: Throwing net      ||     5
  Eat: Chunk             ||     1
Armor: Leather armour    ||    17
       Ring mail         ||    19
Dodge: Dodged            ||    53
       Rpst.: Long sword ||    23

Table legend:
 A = Non-vault XP
 B = Vault XP
 C = Vault XP percentage of total XP
 D = Non-vault monster count
 E = Vault monster count
 F = Vault count percentage of total count
                 A         B        C        D         E       F
            +---------+---------+-------+---------+---------+-------
      Total |      59 |       0 |   0.0 |      27 |       0 |   0.0
            +---------+---------+-------+---------+---------+-------
        D:1 |       8 |       0 |   0.0 |       5 |       0 |   0.0
        D:2 |      51 |       0 |   0.0 |      22 |       0 |   0.0
            +---------+---------+-------+---------+---------+-------
